 Dungeon Crawl Stone Soup version 0.23.2-1-ga50397a (webtiles) character file.

Game seed: 14735247176376812196

534 Fang the Skirmisher (level 7, 0/66 HPs)
             Began as a Gargoyle Berserker on May 15, 2019.
             Was a Priest of Trog.
             Slain by a sky beast (1 damage)
             ... on level 5 of the Dungeon.
             The game lasted 00:02:53 (2811 turns).

Fang the Skirmisher (Gargoyle Berserker)            Turns: 2811, Time: 00:02:54

Health: 0/66       AC: -2    Str: 27    XL:     7   Next: 25%
Magic:  0/7        EV: 13    Int:  8    God:    Trog [***...]
Gold:   265        SH:  0    Dex:  9    Spells: 6/6 levels left

rFire    . . .     SeeInvis .   a - +0 hand axe
rCold    . . .     Gourm    .   (no shield)
rNeg     + . .     Faith    .   b - +0 animal skin
rPois    ∞         Spirit   +   (no helmet)
rElec    +         Reflect  .   (no cloak)
rCorr    .         Harm     .   (no gloves)
MR       .....                  (no boots)
Stlth    ..........             u - amulet of guardian spirit
HPRegen  0.21/turn              i - +2 ring of protection
MPRegen  0.10/turn              (no ring)

@: berserking, corroded, very quick
A: negative energy resistance 1, electricity resistance, unbreathing,
petrification resistance, rot immunity, AC +4
a: Berserk, Trog's Hand, Renounce Religion


You were on level 5 of the Dungeon.
You worshipped Trog.
Trog was most pleased with you.
You were very hungry.

You visited 1 branch of the dungeon, and saw 5 of its levels.

You collected 265 gold pieces.

Inventory:

Hand Weapons
 a - a +0 hand axe (weapon)
Armour
 b - a +0 animal skin (worn)
Jewellery
 i - a +2 ring of protection (left hand)
 r - an uncursed ring of poison resistance {unknown}
 u - an amulet of guardian spirit (around neck)
 w - an uncursed ring of magical power {unknown}
Wands
 n - a wand of iceblast (9)
Scrolls
 e - 2 scrolls of identify {unknown}
 f - 2 scrolls of amnesia {unknown}
 g - 4 scrolls of remove curse {unknown}
 j - a scroll of enchant weapon {unknown}
 p - a scroll of fear {unknown}
 q - 3 scrolls of teleportation {unknown}
 v - a scroll of noise {unknown}
Potions
 d - 4 potions of curing {unknown}
 h - 3 potions of mutation {unknown}
 k - a potion of heal wounds {unknown}
 m - a potion of berserk rage {unknown}
 o - a potion of agility {unknown}
 s - a potion of might
 t - a potion of flight {unknown}
Comestibles
 c - 8 rations
 l - 3 chunks of flesh


   Skills:
 + Level 5.2 Fighting
 + Level 4.3 Axes
 + Level 4.5 Armour
 + Level 3.3 Dodging


You had 6 spell levels left.
You didn't know any spells.
Your spell library was empty.

Dungeon Overview and Level Annotations

Branches:
Dungeon (5/15)
 Temple: D:4-7

Altars:
Ashenzari
Qazlal

Shops:
D:5 ?


Innate Abilities, Weirdness & Mutations

You are resistant to torment.
Your stone body is resilient. (AC +4)
You are immune to poison.
You resist negative energy. (rN+)
You are resistant to electric shocks. (rElec)
You can survive without breathing.
You are immune to petrification.
You are immune to rotting.


Message History

You are too injured to fight recklessly!
You are too injured to fight recklessly!
A red film seems to cover your vision as you go berserk!
You feel yourself moving faster!
You feel mighty!
You are feeling very hungry.
Something hits you.
* * * LOW HITPOINT WARNING * * *
Something shocks you. You resist.
* * * LOW HITPOINT WARNING * * *
The jelly hits you.
* * * LOW HITPOINT WARNING * * *
You are splashed with acid!
* * * LOW HITPOINT WARNING * * *
You hit the jelly.
Your hands burn!
* * * LOW HITPOINT WARNING * * *
The jelly is almost dead.
You miss something. You hit the ogre. The ogre misses you. Something hits you.
* * * LOW HITPOINT WARNING * * *
Something shocks you. You resist.
You die...

... #.............. #
.#.....#.............. #
∩..$...#............% #
.#..... #........... #
.......##.......########
..........?.....#.......
................#.......
......O.........'.......
.....nJ@........#.......
......{##.......#.......
....... #.......#.......
.......#........#.....##
.......#........#.....#
.......#........#.....#
.......#........#.....#
....... .......


You could see an ogre, a necrophage and a jelly.

Vanquished Creatures
  Menkaure (D:4)
  Blork the orc (D:4)
  A scorpion (D:4)
  A hound (D:4)
  A centaur skeleton (D:4)
  3 worker ants
  Robin (D:4)
  8 adders
  An ooze (D:1)
  A worm (D:2)
  2 dart slugs
  3 leopard geckos
  An orc (D:3)
  5 giant cockroaches
  16 goblins
  4 hobgoblins
  4 jackals (D:4)
  7 kobolds
  2 quokkas
  2 ball pythons
  5 bats
  5 frilled lizards
  A leopard gecko zombie (D:5)
  A quokka skeleton (D:4)
  6 rats
83 creatures vanquished.

Notes
Turn   | Place    | Note
-------+----------+-------------------------------------------
     0 | D:1      | Fang the Gargoyle Berserker began the quest for the Orb.
     0 | D:1      | Reached XP level 1. HP: 14/14 MP: 1/1
    43 | D:1      | Reached XP level 2. HP: 16/19 MP: 2/2
   184 | D:1      | Reached XP level 3. HP: 14/23 MP: 3/3
   525 | D:2      | Reached ** piety under Trog
   619 | D:2      | Found a stormy altar of Qazlal.
   730 | D:2      | Reached skill level 4 in Fighting
   730 | D:2      | Reached XP level 4. HP: 20/29 MP: 4/4
  1489 | D:3      | Reached XP level 5. HP: 26/33 MP: 5/5
  1548 | D:3      | Found a faded altar of an unknown god.
  2045 | D:4      | Noticed Blork the orc
  2052 | D:4      | Killed Blork the orc
  2052 | D:4      | Reached XP level 6. HP: 39/39 MP: 6/6
  2109 | D:4      | Reached *** piety under Trog
  2171 | D:4      | Noticed Menkaure
  2185 | D:4      | Killed Menkaure
  2185 | D:4      | Reached skill level 5 in Fighting
  2185 | D:4      | Reached XP level 7. HP: 33/44 MP: 4/7
  2446 | D:4      | Noticed Robin
  2470 | D:4      | Killed Robin
  2545 | D:4      | Found a shattered altar of Ashenzari.
  2773 | D:5      | Entered Level 5 of the Dungeon
  2805 | D:5      | Found Julierch's Magic Scroll Shoppe.
  2811 | D:5      | HP: 1/66 [something (3)]
  2811 | D:5      | Slain by a sky beast

Skill      XL: |  1  2  3  4  5  6 |
---------------+-------------------+-----
Axes           | 3 4 |  4.3
Dodging        | 2 3 |  3.3
Fighting       | 4 5 |  5.2
Armour         | 3 4 |  4.5

Action                   |  1- 3 |  4- 6 |  7- 9 || total
-------------------------+-------+-------+-------++-------
Melee: Hand axe          |   106 |   142 |    59 ||   307
Invok: Berserk           |     1 |     2 |     1 ||     4
 Stab: Sleeping          |       |     2 |       ||     2
  Eat: Chunk             |       |     6 |     3 ||     9
Armor: Animal skin       |    50 |    68 |    19 ||   137
Dodge: Dodged            |    91 |   108 |    40 ||   239
